Map: White Rabbit LE

Players

Geralt (Gerald) - Winner!

  • Race: Protoss Protoss
  • League: Grandmaster
  • Spawn Location: 7:00

ratgameplay (uThermal)

  • Race: Zerg Zerg
  • League: Master
  • Spawn Location: 1:00

VOD

Have the link to the VOD?

Description

Time

  • Played on: Jan. 30, 2026, 9:06 a.m.
  • Length: 7:20
Show
View Real Time Build Order
Export as new Build Order

Geralt Protoss - Winner!

Build Orders: Oracle Opening 

Get SALT Encoding   

  12  0:00  Probe  
  13  0:12  Probe  
  14  0:18  Pylon  
  14  0:24  Probe  
  15  0:32  Probe  
  15  0:39  Gateway  
  15  0:40  Probe  
  16  0:48  Assimilator  
  17  0:51  Probe  
  18  1:03  Probe  
  19  1:15  Probe  
  20  1:21  Pylon  
  20  1:26  Cybernetics Core  
  20  1:27  Probe  
  21  1:39  Probe  
  22  1:41  Assimilator  
  22  1:42  Zealot  
  24  1:51  Probe  
  24  1:53  Gateway  
  25  2:03  Probe  
  26  2:15  Probe  
  26  2:16  Stargate  
  27  2:25  Pylon, Warp Gate  
  27  2:29  Stalker  
  27  2:36  Probe  
  30  2:50  Probe  
  30  2:57  Nexus  
  30  3:07  Void Ray  
  34  3:24  Probe  
  35  3:31  Gateway  
  35  3:36  Probe  
  35  3:39  Shield Battery  
  36  3:42  Pylon  
  36  3:46  Oracle  
  38  4:12  Probe  
  38  4:15  Zealot  
  38  4:16  Zealot  
  34  4:28  Probe  
  35  4:45  Probe x2  
  37  4:59  Stalker x2  
  39  5:00  Probe  
  39  5:02  Probe  
  39  5:12  Probe  
  38  5:16  Probe  
  39  5:25  Stalker  
  39  5:26  Stalker  
  43  5:34  Probe  
  43  5:35  Probe  
  45  5:40  Pylon  
  45  5:47  Probe  
  46  5:51  Probe  
  47  5:59  Probe  
  47  6:02  Stalker x2  
  52  6:13  Probe  
  45  6:20  Probe  
  45  6:21  Zealot  
  45  6:25  Probe  
  49  6:28  Zealot x2  
  54  6:40  Probe  
  54  6:41  Probe  
  53  6:52  Probe  
  53  6:53  Probe  
  54  6:56  Zealot  
  54  6:57  Zealot x2  
  60  7:04  Probe  
  60  7:05  Probe  
  60  7:06  Pylon  
Show
View Real Time Build Order
Export as new Build Order

ratgameplay Zerg 

Build Orders: Pool Only, Swarm Host 

Get SALT Encoding   

  12  0:03  Drone  
  13  0:21  Spawning Pool  
  13  0:25  Drone  
  13  0:30  Drone  
  14  0:38  Overlord  
  14  0:41  Extractor  
  13  0:44  Drone  
  14  0:58  Drone  
  14  0:59  Drone  
  16  1:08  Queen  
  16  1:10  Zergling x2  
  19  1:14  Extractor  
  18  1:19  Drone  
  19  1:30  Drone  
  20  1:46  Lair  
  20  1:47  Drone  
  21  1:56  Overlord  
  21  2:05  Drone  
  22  2:19  Drone x4  
  26  2:37  Overlord  
  26  2:47  Infestation Pit  
  25  2:51  Overlord  
  25  2:55  Nydus Network  
  25  2:56  Queen  
  25  3:22  Spine Crawler  
  25  3:24  Swarm Host x2  
  25  3:25  Swarm Host  
  33  3:33  Swarm Host  
  36  3:40  Nydus Canal  
  36  3:46  Overlord  
  36  4:06  Nydus Canal  
  36  4:12  Queen  
  36  4:13  Swarm Host  
  39  4:18  Swarm Host  
  42  4:32  Nydus Canal  
  39  4:52  Queen  
  39  5:07  Swarm Host x2  
  42  5:14  Nydus Canal  
  41  5:32  Nydus Canal  
  41  5:36  Overlord  
  41  5:37  Overseer  
  41  5:43  Spore Crawler  
  37  6:06  Nydus Canal  
  37  6:18  Queen  
  37  6:24  Overlord  
  34  6:31  Overlord  
  34  6:32  Overlord  
  34  6:37  Nydus Canal  
  34  6:54  Nydus Canal  
Tags
 
Add a new tag
Caveats
  • Supply blocks, unpowered buildings, or Contaminate may cause inaccurate times.
  • Supply counts are checked every 10 seconds.